TOP OF THE 1ST |
Fresno Deplorables batting - Pitching for Houston Marshals : LHP José Hidalgo
|
Pitching: LHP José Hidalgo
|
|
Batting: RHB Jesús Gutiérrez
|
0-0: Swinging Strike 0-1: Foul Ball, location: 2F 0-2: Ball 1-2: Ball 2-2: Strikes out swinging
|
Batting: RHB Manolo Román
|
0-0: Called Strike 0-1: Foul Ball, location: 2F 0-2: Ball 1-2: Foul Ball, location: 2F 1-2: Foul Ball, location: 2F 1-2: Ball 2-2: Strikes out swinging
|
Batting: LHB Jeff Daniels
|
0-0: Ball 1-0: Ball 2-0: Ground out 4-3 (Groundball, 4)
|
Top of the 1st over - 0 run(s), 0 hit(s), 0 error(s), 0 left on base; Fresno 0 - Houston 0 |
BOTTOM OF THE 1ST |
Houston Marshals batting - Pitching for Fresno Deplorables : RHP Dionisio Penni
|
Pitching: RHP Dionisio Penni
|
|
Batting: RHB Jim Tracy
|
0-0: Ball 1-0: Ball 2-0: Ball 3-0: Base on Balls
|
Batting: LHB Lewis Barr
|
0-0: Called Strike 0-1: Ball 1-1: Called Strike 1-2: Foul Ball, location: 2F 1-2: Grounds into double play, 4-6-3 (Groundball, 4)
|
Batting: LHB Matt Smith
|
0-0: Called Strike 0-1: Foul Ball, location: 2F 0-2: Ball 1-2: Ball 2-2: Strikes out swinging
|
Bottom of the 1st over - 0 run(s), 0 hit(s), 0 error(s), 0 left on base; Fresno 0 - Houston 0 |
TOP OF THE 2ND |
Fresno Deplorables batting - Pitching for Houston Marshals : LHP José Hidalgo
|
Batting: LHB Troy Donaldson
|
0-0: Called Strike 0-1: Ball 1-1: Foul Ball, location: 2F 1-2: Foul Ball, location: 2F 1-2: Ball 2-2: Foul Ball, location: 2F 2-2: Strikes out swinging
|
Batting: RHB Paco Arellano
|
0-0: Swinging Strike 0-1: Called Strike 0-2: Ball 1-2: Single, Error in OF, E8, batter to second base
|
Batting: LHB Paul Mullins
|
0-0: Ball 1-0: Called Strike 1-1: Ball 2-1: Foul Ball, location: 2F 2-2: Fly out, F4 (Popup, 4D)
|
Batting: RHB Aaron Scott
|
0-0: Ball 1-0: Ball 2-0: Ball 3-0: Base on Balls
|
Batting: RHB Lawrence Yates
|
0-0: Ball 1-0: Ball 2-0: Called Strike 2-1: Swinging Strike 2-2: Ball 3-2: Strikes out swinging
|
Top of the 2nd over - 0 run(s), 1 hit(s), 1 error(s), 2 left on base; Fresno 0 - Houston 0 |
BOTTOM OF THE 2ND |
Houston Marshals batting - Pitching for Fresno Deplorables : RHP Dionisio Penni
|
Batting: LHB José Rodríguez
|
0-0: Ball 1-0: Ball 2-0: Ball 3-0: Called Strike 3-1: Base on Balls
|
Batting: RHB David Murray
|
0-0: Foul Ball, location: 2F 0-1: SINGLE (Line Drive, 78S) José Rodríguez to second
|
Batting: RHB Chris Parker
|
0-0: Called Strike 0-1: Ball 1-1: Foul Ball, location: 2F 1-2: Foul Ball, location: 2F 1-2: Strikes out swinging
|
Batting: SHB Ramón Lugo
|
0-0: Foul Ball, location: 2F 0-1: Foul Ball, location: 2F 0-2: Ball 1-2: Ball 2-2: Foul Ball, location: 2F 2-2: Ball 3-2: Fly out, F6 (Flyball, 6MD)
|
Batting: SHB Juan Gómez
|
0-0: Called Strike 0-1: Ball 1-1: Called Strike 1-2: Strikes out swinging
|
Bottom of the 2nd over - 0 run(s), 1 hit(s), 0 error(s), 2 left on base; Fresno 0 - Houston 0 |
TOP OF THE 3RD |
Fresno Deplorables batting - Pitching for Houston Marshals : LHP José Hidalgo
|
Batting: RHB Germán Rosales
|
0-0: Ball 1-0: Ground out 5-3 (Groundball, 56S)
|
Batting: RHB Jesús Gutiérrez
|
0-0: Ball 1-0: Foul Ball, location: 2F 1-1: Ball 2-1: Called Strike 2-2: Foul Ball, location: 2F 2-2: Ball 3-2: Ground out 5-3 (Groundball, 2L)
|
Batting: RHB Manolo Román
|
0-0: Ball 1-0: Called Strike 1-1: Foul Ball, location: 2F 1-2: Foul Ball, location: 2F 1-2: SOLO HOME RUN (Flyball, 7D), Distance : 408 ft
|
Batting: LHB Jeff Daniels
|
0-0: Called Strike 0-1: Ball 1-1: Ball 2-1: Ball 3-1: Called Strike 3-2: Base on Balls
|
Batting: LHB Troy Donaldson
|
0-0: Foul Ball, location: 2F 0-1: Ball 1-1: Swinging Strike 1-2: Foul Ball, location: 2F 1-2: Ball 2-2: Foul Ball, location: 2F 2-2: Strikes out swinging
|
Top of the 3rd over - 1 run(s), 1 hit(s), 0 error(s), 1 left on base; Fresno 1 - Houston 0 |
BOTTOM OF THE 3RD |
Houston Marshals batting - Pitching for Fresno Deplorables : RHP Dionisio Penni
|
Batting: RHB Sadao Kimura
|
0-0: Swinging Strike 0-1: Ball 1-1: Ball 2-1: Called Strike 2-2: Strikes out swinging
|
Batting: RHB Jim Tracy
|
0-0: Ball 1-0: Called Strike 1-1: Foul Ball, location: 2F 1-2: Strikes out swinging
|
Batting: LHB Lewis Barr
|
0-0: Called Strike 0-1: Swinging Strike 0-2: Ball 1-2: Ball 2-2: Strikes out looking
|
Bottom of the 3rd over - 0 run(s), 0 hit(s), 0 error(s), 0 left on base; Fresno 1 - Houston 0 |
TOP OF THE 4TH |
Fresno Deplorables batting - Pitching for Houston Marshals : LHP José Hidalgo
|
Batting: RHB Paco Arellano
|
0-0: Called Strike 0-1: Called Strike 0-2: Ground out 6-3 (Groundball, 6)
|
Batting: LHB Paul Mullins
|
0-0: Called Strike 0-1: Foul Ball, location: 2F 0-2: Ball 1-2: Ground out 1-3 (Groundball, 13S)
|
Batting: RHB Aaron Scott
|
0-0: Fly out, F8 (Flyball, 8RD)
|
Top of the 4th over - 0 run(s), 0 hit(s), 0 error(s), 0 left on base; Fresno 1 - Houston 0 |
BOTTOM OF THE 4TH |
Houston Marshals batting - Pitching for Fresno Deplorables : RHP Dionisio Penni
|
Batting: LHB Matt Smith
|
0-0: Ball 1-0: SINGLE (Groundball, 4MD)
|
Batting: LHB José Rodríguez
|
0-0: Ball 1-0: Ball 2-0: Swinging Strike 2-1: Foul Ball, location: 2F 2-2: Strikes out swinging
|
Batting: RHB David Murray
|
0-0: Grounds into double play, 6-4-3 (Groundball, 6)
|
Bottom of the 4th over - 0 run(s), 1 hit(s), 0 error(s), 0 left on base; Fresno 1 - Houston 0 |
TOP OF THE 5TH |
Fresno Deplorables batting - Pitching for Houston Marshals : LHP José Hidalgo
|
Batting: RHB Lawrence Yates
|
0-0: Swinging Strike 0-1: Swinging Strike 0-2: Ball 1-2: DOUBLE (Groundball, 5L)
|
Batting: RHB Germán Rosales
|
0-0: Called Strike 0-1: Ball 1-1: Swinging Strike 1-2: Ball 2-2: Strikes out swinging
|
Batting: RHB Jesús Gutiérrez
|
0-0: Ball 1-0: Called Strike 1-1: Ground out 5-3 (Groundball, 56)
|
Batting: RHB Manolo Román
|
0-0: Called Strike 0-1: Ground out 4-3 (Groundball, 4)
|
Top of the 5th over - 0 run(s), 1 hit(s), 0 error(s), 1 left on base; Fresno 1 - Houston 0 |
BOTTOM OF THE 5TH |
Houston Marshals batting - Pitching for Fresno Deplorables : RHP Dionisio Penni
|
Batting: RHB Chris Parker
|
0-0: Ball 1-0: Called Strike 1-1: Fly out, F9 (Line Drive, 9)
|
Batting: SHB Ramón Lugo
|
0-0: Called Strike 0-1: Ball 1-1: Ball 2-1: Called Strike 2-2: Ball 3-2: Base on Balls
|
Batting: SHB Juan Gómez
|
0-0: Ball 1-0: Ball 2-0: Ball 3-0: Base on Balls Ramón Lugo to second
|
Batting: RHB Sadao Kimura
|
0-0: Ball 1-0: Swinging Strike 1-1: Called Strike 1-2: Ball 2-2: Strikes out swinging
|
Batting: RHB Jim Tracy
|
0-0: Ball 1-0: Ball 2-0: Called Strike 2-1: Foul Ball, location: 2F 2-2: Foul Ball, location: 2F 2-2: Fly out, F6 (Line Drive, 6)
|
Bottom of the 5th over - 0 run(s), 0 hit(s), 0 error(s), 2 left on base; Fresno 1 - Houston 0 |
TOP OF THE 6TH |
Fresno Deplorables batting - Pitching for Houston Marshals : LHP José Hidalgo
|
Batting: LHB Jeff Daniels
|
0-0: DOUBLE (Flyball, 7D)
|
Batting: LHB Troy Donaldson
|
0-0: Called Strike 0-1: Ball Wild Pitch! Jeff Daniels to third 1-1: Ball 2-1: Foul Ball, location: 2F 2-2: SINGLE (Groundball, 34D) Jeff Daniels scores
|
Pitching: RHP Vinícius Itaquy
|
|
Batting: RHB Paco Arellano
|
0-0: Called Strike 0-1: Called Strike 0-2: Ball 1-2: SINGLE (Line Drive, 6MD) Troy Donaldson to second
|
Batting: LHB Paul Mullins
|
0-0: Called Strike 0-1: Foul Ball, location: 2F 0-2: Foul Ball, location: 2F 0-2: DOUBLE (Line Drive, 9LD) Troy Donaldson scores Paco Arellano to third
|
Batting: RHB Aaron Scott
|
0-0: Intentional Walk
|
Batting: RHB Lawrence Yates
|
0-0: Ball 1-0: TRIPLE (Flyball, 89XD) Paco Arellano scores Paul Mullins scores Aaron Scott scores
|
Batting: RHB Germán Rosales
|
0-0: Called Strike 0-1: Swinging Strike 0-2: Foul Ball, location: 2F 0-2: Ball 1-2: Ball 2-2: Strikes out swinging
|
Batting: RHB Jesús Gutiérrez
|
0-0: Foul Ball, location: 2F 0-1: Called Strike 0-2: Ball 1-2: Ball 2-2: Ball 3-2: Base on Balls
|
Batting: RHB Manolo Román
|
0-0: DOUBLE (Line Drive, 8LXD) Lawrence Yates scores Jesús Gutiérrez to third Runner from 3rd tries for Home, SAFE, throw made home
|
Pitching: RHP José Gonzáles
|
|
Batting: LHB Jeff Daniels
|
0-0: Ground out 4-3 (Groundball, 4M) Manolo Román to third
|
Batting: LHB Troy Donaldson
|
0-0: Called Strike 0-1: Ball 1-1: Ball 2-1: Ground out 6-3 (Groundball, 6M)
|
Top of the 6th over - 7 run(s), 6 hit(s), 0 error(s), 1 left on base; Fresno 8 - Houston 0 |
BOTTOM OF THE 6TH |
Houston Marshals batting - Pitching for Fresno Deplorables : RHP Dionisio Penni
|
Batting: LHB Lewis Barr
|
0-0: SOLO HOME RUN (Flyball, 9D), Distance : 374 ft
|
Batting: LHB Matt Smith
|
0-0: Ball 1-0: Ball 2-0: Ball 3-0: Base on Balls
|
Batting: LHB José Rodríguez
|
0-0: Swinging Strike 0-1: Foul Ball, location: 2F 0-2: Ball 1-2: Ball 2-2: Foul Ball, location: 2F 2-2: Fly out, F8 (Flyball, 8LD)
|
Batting: RHB David Murray
|
0-0: Called Strike 0-1: Ball 1-1: Ball 2-1: Fly out, F9 (Flyball, 89M)
|
Batting: RHB Chris Parker
|
0-0: Foul Ball, location: 2F 0-1: Foul Ball, location: 2F 0-2: Foul Ball, location: 2F 0-2: Ball 1-2: Ball 2-2: Fly out, F9 (Flyball, 9S)
|
Bottom of the 6th over - 1 run(s), 1 hit(s), 0 error(s), 1 left on base; Fresno 8 - Houston 1 |
TOP OF THE 7TH |
Fresno Deplorables batting - Pitching for Houston Marshals : RHP José Gonzáles
|
Batting: RHB Paco Arellano
|
0-0: Foul Ball, location: 2F 0-1: Foul Ball, location: 2F 0-2: Ball 1-2: Foul Ball, location: 2F 1-2: Ball 2-2: Strikes out swinging
|
Batting: LHB Paul Mullins
|
0-0: Ball 1-0: DOUBLE (Line Drive, 9LM)
|
Batting: RHB Aaron Scott
|
0-0: Ball 1-0: Foul Ball, location: 2F 1-1: Ball 2-1: Called Strike 2-2: Foul Ball, location: 2F 2-2: SINGLE (Flyball, 8RS) Paul Mullins to third Runner from 3rd tries for Home, SAFE, throw made home
|
Batting: RHB Lawrence Yates
|
0-0: Swinging Strike 0-1: Foul Ball, location: 2F 0-2: Ball 1-2: Ball 2-2: Foul Ball, location: 2F 2-2: Foul Ball, location: 2F 2-2: Strikes out swinging
|
Batting: RHB Germán Rosales
|
0-0: Foul Ball, location: 2F 0-1: Ball 1-1: Ball 2-1: Fly out, F9 (Flyball, 9D)
|
Top of the 7th over - 1 run(s), 2 hit(s), 0 error(s), 1 left on base; Fresno 9 - Houston 1 |
BOTTOM OF THE 7TH |
Houston Marshals batting - Pitching for Fresno Deplorables : RHP Dionisio Penni
|
Batting: SHB Ramón Lugo
|
0-0: Called Strike 0-1: Ball 1-1: Fly out, F6 (Line Drive, 6M)
|
Batting: SHB Juan Gómez
|
0-0: Foul Ball, location: 2F 0-1: Fly out, F6 (Popup, 6)
|
Batting: RHB Sadao Kimura
|
0-0: Ball 1-0: Fly out, F9 (Flyball, 9LSF)
|
Bottom of the 7th over - 0 run(s), 0 hit(s), 0 error(s), 0 left on base; Fresno 9 - Houston 1 |
TOP OF THE 8TH |
Fresno Deplorables batting - Pitching for Houston Marshals : RHP José Gonzáles
|
Batting: RHB Jesús Gutiérrez
|
0-0: Ground out 6-3 (Groundball, 6)
|
Pitching: RHP David Lester
|
|
Batting: RHB Manolo Román
|
0-0: Ball 1-0: Foul Ball, location: 2F 1-1: Foul Ball, location: 2F 1-2: Ball 2-2: DOUBLE (Line Drive, 8LD)
|
Batting: LHB Jeff Daniels
|
0-0: SINGLE (Groundball, 6MD) Manolo Román to third Runner from 3rd tries for Home, SAFE, throw made home
|
Batting: LHB Troy Donaldson
|
0-0: Swinging Strike 0-1: 2-RUN HOME RUN (Flyball, 9LD), Distance : 359 ft
|
Pitching: RHP Dave Rhodes
|
|
Batting: RHB Paco Arellano
|
0-0: Called Strike 0-1: Fly out, F4 (Line Drive, 4)
|
Batting: LHB Paul Mullins
|
0-0: Foul Ball, location: 2F 0-1: Ball 1-1: Ground out 4-3 (Groundball, 4S)
|
Top of the 8th over - 3 run(s), 3 hit(s), 0 error(s), 0 left on base; Fresno 12 - Houston 1 |
BOTTOM OF THE 8TH |
Houston Marshals batting - Pitching for Fresno Deplorables : RHP Dionisio Penni
|
Pitching: LHP Rubén Martínez
|
|
Batting: RHB Jim Tracy
|
0-0: Ball 1-0: Ball 2-0: Ground out 5-3 (Groundball, 56S)
|
Batting: LHB Lewis Barr
|
0-0: Foul Ball, location: 2F 0-1: Ball 1-1: Called Strike 1-2: Ball 2-2: Ball 3-2: SINGLE (Line Drive, 6D)
|
Batting: LHB Matt Smith
|
0-0: Fly out, F7 (Flyball, 78S)
|
Batting: LHB José Rodríguez
|
0-0: Ball 1-0: Ball 2-0: Foul Ball, location: 2F 2-1: Called Strike 2-2: Foul Ball, location: 2F 2-2: Hit by Pitch Lewis Barr to second
|
Batting: RHB David Murray
|
0-0: Ball 1-0: Called Strike 1-1: Ball 2-1: Ball 3-1: Swinging Strike 3-2: Ground out 5-3 (Groundball, 56S)
|
Bottom of the 8th over - 0 run(s), 1 hit(s), 0 error(s), 2 left on base; Fresno 12 - Houston 1 |
TOP OF THE 9TH |
Fresno Deplorables batting - Pitching for Houston Marshals : RHP Dave Rhodes
|
Pitching: RHP Edward Cadle
|
|
Batting: RHB Aaron Scott
|
0-0: Ball 1-0: Ball 2-0: Foul Ball, location: 2F 2-1: SOLO HOME RUN (Flyball, 7D), Distance : 427 ft
|
Batting: RHB Lawrence Yates
|
0-0: Ball 1-0: Called Strike 1-1: Ball 2-1: Called Strike 2-2: Strikes out swinging
|
Batting: RHB Germán Rosales
|
0-0: Ball 1-0: Called Strike 1-1: SINGLE (Groundball, 56D)
|
Pinch Hitting: RHB Teddy Bates
|
0-0: Ground out 5-3 (Groundball, 56S) Germán Rosales to second
|
Batting: RHB Manolo Román
|
0-0: Ball 1-0: Fly out, F9 (Flyball, 9LS)
|
Top of the 9th over - 1 run(s), 2 hit(s), 0 error(s), 1 left on base; Fresno 13 - Houston 1 |
BOTTOM OF THE 9TH |
Houston Marshals batting - Pitching for Fresno Deplorables : LHP Rubén Martínez
|
Now at SS: John Cotton
|
|
Batting: RHB Chris Parker
|
0-0: Called Strike 0-1: Ball 1-1: Ball 2-1: Called Strike 2-2: Strikes out swinging
|
Batting: SHB Ramón Lugo
|
0-0: Ball 1-0: Ball 2-0: Called Strike 2-1: Ball 3-1: DOUBLE (Line Drive, 89M)
|
Batting: SHB Juan Gómez
|
0-0: Ball 1-0: Swinging Strike 1-1: Foul Ball, location: 2F 1-2: Ball 2-2: Foul Ball, location: 2F 2-2: Ball 3-2: Strikes out swinging
|
Batting: RHB Sadao Kimura
|
0-0: Ground out 5-3 (Groundball, 56)
|
Bottom of the 9th over - 0 run(s), 1 hit(s), 0 error(s), 1 left on base; Fresno 13 - Houston 1 |
|